 Dungeon Crawl Stone Soup version 0.29-a0-1047-g7c58e119a4 (webtiles) character file.

Game seed: 10583527956829492136

1845 ytrimaz the Martial Artist (level 8, -2/54 HPs)
             Began as a Demonspawn Transmuter on Aug 16, 2022.
             Was an Initiate of Gozag.
             Slain by a kobold brigand
             ... wielding a +1 short sword of holy wrath
              (6 damage)
             ... on level 6 of the Dungeon.
             The game lasted 00:05:52 (7219 turns).

ytrimaz the Martial Artist (Demonspawn Transmuter)  Turns: 7219, Time: 00:05:52

Health: -2/54      AC:  3    Str: 11      XL:     8   Next: 88%
Magic:  9/11       EV: 12    Int: 16      God:    Gozag
Gold:   658        SH:  4    Dex: 13 (14) Spells: 8/11 levels left

rFire   . . .      SeeInvis .     - Unarmed
rCold   + . .      Faith    .   (no shield)
rNeg    . . .      Spirit   .   i - +1 robe {Will+}
rPois   .          Reflect  .   (no helmet)
rElec   .          Harm     .   (no cloak)
rCorr   .          Rampage  .   (no gloves)
Will    ++...                   (no boots)
Stlth   +.........              (no amulet)
HPRegen 0.18/turn               h - ring of protection from cold
MPRegen 0.12/turn               m - ring of willpower

@: lethally poisoned (-2 -> -4), wereblooded, gold aura, slowed, studying Short
Blades, very slow
A: claws 1, large bone plates 1, ignite blood 1, spiny 1
a: Renounce Religion, Potion Petition, Call Merchant, Bribe Branch


You were on level 6 of the Dungeon.
You worshipped Gozag.
Gozag was pleased with you.
You visited 2 branches of the dungeon, and saw 7 of its levels.

You collected 737 gold pieces.
You paid 79 gold pieces to Gozag.

Inventory:

Missiles
 o - a throwing net
Armour
 a - a +2 helmet
 i - a +1 robe of willpower (worn)
Jewellery
 f - a ring of protection from cold
 h - a ring of protection from cold (left claw)
 m - a ring of willpower (right claw)
Scrolls
 e - 3 scrolls of fear
 j - a scroll of brand weapon
 k - a scroll of magic mapping
 l - 2 scrolls of enchant weapon
 n - 2 scrolls of teleportation
Potions
 b - 2 potions of lignification
 c - a potion of attraction {unknown}
 d - a potion of ambrosia
 g - 4 potions of flight
 q - a potion of mutation {unknown}
 r - 2 potions of curing {unknown}


   Skills:
 - Level 1.0 Fighting
 - Level 1.7 Dodging
 + Level 2.3 Shields
 + Level 10.6 Unarmed Combat
 - Level 2.0 Spellcasting
 - Level 1.7 Transmutations


You had 8 spell levels left.
You knew the following spells:

 Your Spells              Type           Power      Damage    Failure   Level
a - Beastly Appendage     Tmut           14%        N/A       10%         1
b - Wereblood             Tmut           7%         N/A       16%         2

Your spell library contained the following spells:

 Spells                   Type           Power      Damage    Failure   Level
 Foxfire                  Conj/Fire      4%         2x1d4     21%         1
 Freeze                   Ice            4%         1d3       21%         1
 Spider Form              Tmut/Pois      4%         N/A       41%         3
 Conjure Flame            Conj/Fire      1%         6-21      52%         3
 Frozen Ramparts          Ice            2%         1d1       52%         3
 Inner Flame              Hex/Fire       1%         N/A       52%         3
 Ice Form                 Ice/Tmut       4%         N/A       82%         4
 Flame Wave               Conj/Fire      1%         2d4       90%         4
 Hailstorm                Conj/Ice       1%         3d3       90%         4


Dungeon Overview and Level Annotations

Branches:
Dungeon (6/15)             Temple (1/1) D:4

Altars:
Ashenzari
Cheibriados
Dithmenos
Fedhas
Gozag
Hepliaklqana
Kikubaaqudgha
Makhleb
Nemelex Xobeh
Okawaru
Ru
Sif Muna
Uskayaw
Vehumet
Wu Jian
Xom
Yredelemnul

Shops:
D:3 (*   D:6 ?

Annotations:
D:5 exclusion: door


Innate Abilities, Weirdness & Mutations

You have sharp fingernails.
You are partially covered in large bone plates. (SH +4)
Your demonic aura sometimes causes spilled blood to erupt in flames.
You are partially covered in sharp spines.


Message History

You feel very sick.
The kobold brigand is struck by your spines.
The kobold brigand misses you. The kobold is struck by your spines.
The kobold barely misses you. The gnoll is struck by your spines.
The gnoll barely misses you.
Unknown command.
You claw the gnoll!
You feel a bit better.
You kill the gnoll!
You feel very sick. You block the kobold brigand's attack.
The kobold misses you.
Unknown command.
You closely miss the kobold brigand.
The kobold brigand is lightly wounded.
Your horns disappear.
Your talons disappear.
You feel sick.
The kobold brigand is struck by your spines.
The kobold brigand hits you with a +1 short sword of holy wrath.
You convulse.
* * * LOW HITPOINT WARNING * * *
The kobold hits you with a +0 whip.
* * * LOW HITPOINT WARNING * * *
The kobold hits you but does no damage. The kobold brigand misses you.
The kobold hits you with a +0 club.
* * * LOW HITPOINT WARNING * * *
The kobold closely misses you.
You closely miss the kobold brigand.
The kobold brigand is moderately wounded.
You feel sick. You block the kobold brigand's attack.
The kobold hits you with a +0 whip.
* * * LOW HITPOINT WARNING * * *
The kobold is struck by your spines.
You feel a bit better.
You kill the kobold!
You barely miss the kobold brigand.
The kobold brigand is moderately wounded.
You feel sick.
The kobold brigand hits you with a +1 short sword of holy wrath.
* * * LOW HITPOINT WARNING * * *
You convulse.
You die...
Your body crumbles into a pile of gold.

#.......... #.###...##.
#.# ##..### ######### #.#
#.....
........#######.####...#.
K.........(............#.
........###..#######.....
.......K#$..## # ##.
.......K@$### ..
g......$### .. (........
g.......## ........#
####.#### #. #.


You could see a kobold brigand and a kobold.

Vanquished Creatures
  A shadow (D:5)
  Edmund (D:4)
  Duvessa (D:4)
  A hornet zombie (D:5)
  2 ogres (D:5)
  2 phantoms
  A necrophage (D:5)
  3 scorpions (D:5)
  A water moccasin zombie (D:5)
  Dowan (D:4)
  A bullfrog zombie (D:5)
  A centaur zombie (D:5)
  4 quasits (D:5)
  4 hounds (D:5)
  An orc priest (D:3)
  A gnoll bouda (D:6)
  An iguana (D:4)
  2 orc wizards (D:4)
  8 gnolls
  8 adders
  2 shadow imps (D:5)
  2 white imps (D:5)
  3 ufetubi
  An adder zombie (D:5)
  A worm (D:2)
  A dart slug (D:1)
  11 orcs
  6 ball pythons
  5 endoplasms
  5 giant cockroaches
  5 hobgoblins
  5 jackals (D:2)
  5 quokkas
  6 bats
  2 frilled lizards (D:3)
  6 goblins
  9 kobolds
  3 rats (D:1)
123 creatures vanquished.

Notes
Turn   | Place    | Note
-------+----------+-------------------------------------------
     0 | D:1      | ytrimaz the Demonspawn Transmuter began the quest for the
                  | Orb.
     0 | D:1      | Reached XP level 1. HP: 15/15 MP: 3/3
   227 | D:1      | Reached skill level 3 in Unarmed Combat
   568 | D:1      | Found a faded altar of an unknown god.
   574 | D:1      | Gained mutation: You have sharp fingernails. [demonic
                  | ancestry]
   574 | D:1      | Reached XP level 2. HP: 9/21 MP: 3/5
  1633 | D:2      | Reached XP level 3. HP: 22/26 MP: 6/6
  1636 | D:2      | Learned a level 2 spell: Wereblood
  1809 | D:2      | Reached skill level 4 in Unarmed Combat
  2910 | D:3      | Found Gemui's Weapon Shoppe.
  2984 | D:3      | Gained mutation: You are partially covered in sharp spines.
                  | [demonic ancestry]
  2984 | D:3      | Reached XP level 4. HP: 32/32 MP: 5/7
  3030 | D:3      | Found Zin's Purification Station.
  3264 | D:3      | Found a hide-covered altar of Uskayaw.
  3266 | D:3      | Noticed a +0 dagger
  3266 | D:3      | Noticed a +0 hand axe
  3296 | D:3      | Reached skill level 5 in Unarmed Combat
  3496 | D:4      | Noticed a phantom
  3505 | D:4      | Killed a phantom
  3506 | D:4      | Gained mutation: Your demonic aura sometimes causes spilled
                  | blood to erupt in flames. [demonic ancestry]
  3506 | D:4      | Reached XP level 5. HP: 33/37 MP: 6/8
  3728 | D:4      | Reached skill level 6 in Unarmed Combat
  3808 | D:4      | Found a staircase to the Ecumenical Temple.
  3855 | Temple   | Entered the Ecumenical Temple
  3864 | Temple   | Became a worshipper of Gozag Ym Sagoz the Greedy
  4012 | D:4      | Noticed Duvessa
  4013 | D:4      | Noticed Dowan
  4022 | D:4      | Killed Duvessa
  4023 | D:4      | Gained mutation: You are partially covered in large bone
                  | plates. (SH +4) [demonic ancestry]
  4023 | D:4      | Reached XP level 6. HP: 6/43 MP: 7/9
  4027 | D:4      | Killed Dowan
  4679 | D:4      | Reached skill level 7 in Unarmed Combat
  4709 | D:4      | Noticed Edmund
  4723 | D:4      | Killed Edmund
  4724 | D:4      | Reached XP level 7. HP: 9/48 MP: 6/10
  5265 | D:5      | Entered Level 5 of the Dungeon
  5366 | D:5      | Reached skill level 8 in Unarmed Combat
  5971 | D:5      | Reached skill level 1 in Shields
  5975 | D:5      | Reached XP level 8. HP: 53/54 MP: 8/11
  6017 | D:5      | Reached skill level 9 in Unarmed Combat
  6261 | D:5      | Reached skill level 10 in Unarmed Combat
  6559 | D:5      | Found a basalt altar of Yredelemnul.
  6890 | D:5      | Found a shimmering blue altar of Sif Muna.
  7075 | D:6      | Found Ytosim's Magic Scroll Boutique.
  7214 | D:6      | HP: 2/54 [kobold brigand/+1 short sword of holy wrath (8)]
  7219 | D:6      | Slain by a kobold brigand

Illustrated notes

Levels and vault maps discovered:
D:1:      dpeg_arrival_subterranean_lakeside_camping, layout_loops_ring,
          hellmonk_ecumenical_altar_slurped_away, hangedman_glass_teeth
D:2:      minmay_evil_eye, layout_basic
D:3:      layout_loops_ring, dancing_weapons_uskayaw, zin_purify, serial_shops,
          shop, minmay_misc_feat_diagonals, st_stairs_10, minivault_4
D:4:      minmay_inner_zag, layout_loops_ring, minmay_temple_entry_sparse_star,
          minmay_misc_feat_roman, grunt_ministairs_11, uniq_duvessa, uniq_edmund
D:5:      cheibrodos_barr_body, layout_rooms, nicolae_yredelemnul_corpse_copse,
          led_sif_book, serial_demonic, serial_demonic_f, serial_demonic_f,
          serial_demonic_b, serial_demonic_b, serial_demonic_a, dk_vineyard_2,
          chequers_jeans, reono_crystal_passage, nicolae_figureground_sparkle
D:6:      layout_rooms, serial_shops, nicolae_shop_hallway_plus
Temple:   nicolae_temple_no_exploring_needed

Skill      XL: |  1  2  3  4  5  6  7  8 |
---------------+-------------------------+-----
Unarmed Combat | 3 4 5 6 7 8 10 | 10.6
Shields        | 1 2 |  2.3
Fighting       | |  1.0
Dodging        | |  1.7
Spellcasting   | |  2.0
Transmutations | |  1.7

Action                   |  1- 3 |  4- 6 |  7- 9 || total
-------------------------+-------+-------+-------++-------
Melee: Unarmed           |   107 |    68 |   149 ||   324
       Kick              |    14 |    14 |    27 ||    55
       Headbutt          |     9 |    11 |    12 ||    32
       Punch             |     3 |     1 |     5 ||     9
 Cast: Beastly Appendage |    27 |    17 |    17 ||    61
       Wereblood         |       |     1 |     7 ||     8
  Use: Scroll            |     5 |     3 |     1 ||     9
       Potion            |       |     4 |     1 ||     5
 Stab: Sleeping          |       |     2 |     1 ||     3
       Distracted        |       |       |     1 ||     1
Armor: Robe              |    25 |     4 |    42 ||    71
       Skin              |       |     3 |       ||     3
Dodge: Dodged            |   107 |    32 |   108 ||   247
Block: Other             |       |     2 |    38 ||    40

Table legend: (Time is in decaauts)
 A = Elapsed time spent in this place.
 B = Non-inter-level travel time spent in this place.
 C = Inter-level travel time spent in this place.
 D = Time resting spent in this place.
 E = Time spent auto-exploring this place.
 F = Levels seen in this place.
 G = Mean time per level.
                   A        B        C        D        E       F      G
               +--------+--------+--------+--------+--------+-----+--------+
         Total |   7184 |   6982 |    202 |    200 |   5885 |   7 | 1026.3 |
       Dungeon |   7166 |   6980 |    186 |    200 |   5885 |   6 | 1194.3 |
        Temple |     18 |      2 |     16 |      0 |      0 |   1 |   18.0 |
               +--------+--------+--------+--------+--------+-----+--------+

Top non-repeatable levels by time:
     D:5: 1777 daAuts
     D:4: 1754 daAuts
     D:1: 1458 daAuts
     D:2: 1390 daAuts
     D:3: 631 daAuts
     D:6: 154 daAuts
  Temple: 18 daAuts
